Map: Hecate LE

Players

ShoWTimE

  • Race: Protoss Protoss
  • Spawn Location: 1:00

ONSYDEmaru (Maru) - Winner!

  • Race: Terran Terran
  • Spawn Location: 7:00

VOD

Have the link to the VOD?

Description

Time

  • Played on: Dec. 20, 2023, 6:28 a.m.
  • Length: 9:30
Show
View Real Time Build Order
Export as new Build Order

ShoWTimE Protoss 

Build Orders: 1 Gate Expand, Phoenix Opening, Colossus Rush 

Get SALT Encoding   

  12  0:00  Probe  
  13  0:12  Probe  
  14  0:17  Pylon  
  14  0:24  Probe  
  15  0:35  Gateway  
  15  0:36  Probe (Chrono Boost)  
  16  0:46  Assimilator, Probe (Chrono Boost)  
  17  0:51  Probe (Chrono Boost)  
  18  1:03  Probe  
  19  1:15  Probe  
  20  1:24  Cybernetics Core  
  20  1:32  Nexus  
  20  1:34  Probe  
  21  1:41  Pylon  
  21  1:46  Probe  
  22  1:49  Assimilator  
  22  1:57  Adept (Chrono Boost)  
  22  1:58  Probe  
  25  2:10  Probe  
  26  2:17  Stargate  
  26  2:19  Adept (Chrono Boost)  
  28  2:25  Probe  
  29  2:31  Warp Gate  
  29  2:39  Probe (Chrono Boost)  
  30  2:45  Probe (Chrono Boost)  
  30  2:46  Stalker  
  34  2:54  Shield Battery, Probe x2 (Chrono Boost)  
  35  2:59  Probe (Chrono Boost)  
  35  3:01  Probe  
  35  3:02  Phoenix (Chrono Boost)  
  39  3:11  Probe  
  39  3:12  Pylon  
  40  3:13  Probe  
  41  3:23  Probe  
  41  3:24  Phoenix (Chrono Boost)  
  41  3:25  Probe  
  45  3:31  Gateway  
  45  3:35  Probe  
  45  3:37  Probe  
  45  3:40  Robotics Facility  
  47  3:44  Pylon  
  48  3:48  Probe  
  48  3:49  Probe  
  49  4:02  Probe x2  
  51  4:03  Pylon  
  51  4:07  Nexus  
  51  4:14  Assimilator, Probe x2 (Chrono Boost)  
  51  4:16  Assimilator  
  55  4:25  Probe (Chrono Boost)  
  55  4:26  Probe (Chrono Boost)  
  55  4:30  Robotics Bay, Probe x2 (Chrono Boost)  
  56  4:33  Observer  
  56  4:36  Sentry  
  60  4:42  Gateway  
  60  4:44  Probe  
  60  4:45  Probe  
  62  4:46  Gateway  
  62  4:56  Probe, Immortal (Chrono Boost)  
  62  4:57  Probe  
  68  5:04  Pylon  
  68  5:08  Shield Battery, Probe  
  68  5:09  Shield Battery, Probe  
  70  5:20  Sentry, Adept, Probe  
  76  5:21  Probe  
  76  5:22  Probe  
  76  5:24  Colossus (Chrono Boost)  
  83  5:32  Probe  
  83  5:33  Probe  
  83  5:34  Probe  
  86  5:40  Stalker  
  86  5:41  Stalker  
  90  5:44  Probe  
  90  5:45  Probe  
  90  5:46  Probe  
  89  5:51  Adept  
  89  5:57  Probe x2  
  90  5:58  Probe  
  90  6:00  Pylon  
  90  6:01  Assimilator  
  90  6:03  Assimilator  
  92  6:04  Forge  
  92  6:09  Probe x2  
  92  6:10  Twilight Council, Probe  
  93  6:14  Colossus (Chrono Boost)  
  93  6:15  Pylon  
  93  6:16  Extended Thermal Lance  
  99  6:21  Probe  
  100  6:27  Gateway  
  100  6:30  Gateway  
  100  6:32  Gateway, Pylon  
  100  6:33  Gateway, Protoss Ground Weapons Level 1 (Chrono Boost)  
  100  6:41  Shield Battery  
  100  6:44  Blink (Chrono Boost)  
  100  6:58  Colossus (Chrono Boost)  
  100  6:59  Stalker x4  
  112  7:10  Shield Battery  
  112  7:12  Pylon  
  112  7:15  Pylon  
  112  7:24  Nexus  
  112  7:26  Zealot x2, Pylon  
  114  7:36  Stalker x6  
  105  7:37  Probe  
  105  7:38  Probe  
  105  7:40  Probe  
  103  7:48  Observer (Chrono Boost)  
  103  7:49  Probe  
  103  7:50  Probe  
  106  7:52  Probe  
  106  7:59  Observer (Chrono Boost)  
  106  8:01  Probe  
  106  8:02  Zealot x7  
  106  8:03  Zealot  
  124  8:07  Probe x2  
  122  8:14  Probe  
  122  8:19  Probe x2  
  125  8:28  Pylon  
  125  8:30  Pylon  
  125  8:31  Pylon  
  125  8:37  Pylon  
  125  8:41  Nexus  
  125  8:46  Robotics Facility  
  125  8:47  Probe  
  132  8:52  Stalker x2  
  132  8:53  Zealot  
  136  9:02  Zealot x2  
  136  9:03  Zealot x2  
  130  9:16  Robotics Facility  
  103  9:17  Stalker x3  
Show
View Real Time Build Order
Export as new Build Order

ONSYDEmaru Terran - Winner!

Build Orders: Reaper Expand 

Get SALT Encoding   

  12  0:00  SCV  
  13  0:12  SCV  
  14  0:17  Supply Depot  
  14  0:24  SCV  
  15  0:38  SCV  
  15  0:39  Barracks  
  16  0:42  Refinery  
  16  0:50  SCV  
  17  1:02  SCV  
  18  1:14  SCV  
  19  1:28  Orbital Command, Reaper  
  20  1:37  Command Center  
  20  1:46  Supply Depot  
  20  1:53  SCV  
  21  1:59  Marine  
  22  2:06  SCV  
  23  2:16  Command Center  
  23  2:19  SCV  
  23  2:21  Barracks Reactor  
  24  2:31  SCV, Bunker  
  25  2:40  Barracks  
  25  2:43  SCV  
  26  2:49  Orbital Command  
  26  2:55  SCV  
  26  2:58  Engineering Bay  
  27  2:59  Marine  
  27  3:00  Marine  
  29  3:07  SCV  
  30  3:14  SCV  
  30  3:17  Marine x2  
  33  3:20  SCV  
  33  3:24  Terran Infantry Weapons Level 1  
  34  3:28  Orbital Command, SCV  
  34  3:30  Barracks Tech Lab  
  34  3:32  SCV  
  36  3:34  Marine  
  36  3:35  Marine  
  36  3:39  Barracks  
  38  3:41  SCV  
  38  3:44  SCV  
  38  3:48  Marine, Stimpack  
  40  3:50  Supply Depot  
  40  3:52  Marine  
  40  3:53  Marine  
  44  3:55  SCV  
  44  4:04  SCV x2  
  44  4:06  Marine  
  44  4:08  Refinery x2  
  46  4:10  Marine  
  46  4:11  Marine  
  46  4:15  SCV  
  46  4:16  SCV  
  50  4:17  Supply Depot  
  50  4:24  SCV, Marine  
  52  4:26  Marine  
  52  4:27  SCV, Factory  
  52  4:28  Marine  
  52  4:29  Marine  
  56  4:31  SCV  
  56  4:36  Supply Depot  
  56  4:37  SCV  
  58  4:39  Barracks  
  58  4:41  Marine  
  60  4:46  Barracks Tech Lab, Marine x2  
  60  4:47  SCV x2  
  60  4:48  Barracks  
  60  4:51  SCV  
  64  4:59  Supply Depot, SCV  
  64  5:00  Marine  
  64  5:03  Marine  
  64  5:04  Marine  
  64  5:05  Combat Shield, Marine  
  64  5:06  SCV  
  69  5:10  Refinery  
  69  5:13  Starport  
  69  5:14  Factory Reactor  
  69  5:15  SCV x2  
  69  5:18  SCV, Marine  
  73  5:21  Marine, Terran Infantry Armor Level 1  
  73  5:22  Marine  
  73  5:26  Supply Depot  
  76  5:28  SCV  
  76  5:32  Concussive Shells  
  76  5:36  Barracks Reactor  
  76  5:37  Barracks Tech Lab  
  76  5:41  SCV x3  
  79  5:43  Supply Depot, Marauder x2  
  75  5:55  Marine, Marauder  
  75  5:58  Widow Mine x2, Medivac  
  75  6:03  Armory  
  81  6:05  Marauder x2  
  81  6:07  Orbital Command  
  81  6:10  Marine  
  83  6:13  Supply Depot, SCV x2  
  83  6:17  Marauder  
  87  6:20  Widow Mine x2  
  87  6:21  Engineering Bay  
  87  6:23  Supply Depot  
  91  6:25  Marine x3  
  91  6:26  Marauder  
  91  6:30  Medivac  
  91  6:32  SCV  
  99  6:34  SCV x2  
  101  6:42  Marauder x2  
  101  6:44  SCV  
  101  6:46  Supply Depot, SCV x2  
  108  6:52  Factory Reactor  
  108  6:53  Marine, Marauder  
  111  6:56  SCV  
  111  6:57  Marine  
  111  6:58  SCV  
  111  6:59  SCV  
  114  7:03  Marauder  
  114  7:04  Marauder  
  114  7:08  Supply Depot x2, SCV, Terran Infantry Weapons Level 2  
  119  7:10  SCV  
  119  7:13  SCV  
  119  7:15  Supply Depot  
  121  7:19  Marauder  
  121  7:20  Marine x2  
  125  7:25  Marauder x2  
  125  7:27  SCV  
  117  7:37  Marine  
  117  7:38  Marine  
  117  7:41  Marauder, Widow Mine x2  
  117  7:42  Medivac  
  125  7:45  Medivac  
  125  7:46  Marine x3, Marauder  
  125  7:48  SCV x2  
  134  7:55  Marine x2  
  134  8:02  Marauder  
  134  8:04  Marine x2, Marauder  
  136  8:08  Marauder  
  136  8:10  Command Center  
  136  8:13  Marine  
  136  8:15  Marine  
  136  8:18  Medivac x2  
  142  8:20  Widow Mine  
  142  8:21  Marine, Widow Mine  
  142  8:23  Marauder  
  142  8:26  Marauder  
  151  8:29  Supply Depot x2  
  151  8:30  SCV x2, Barracks  
  151  8:31  SCV, Barracks  
  151  8:32  Barracks  
  154  8:35  Marine, Marauder  
  157  8:44  Supply Depot  
  157  8:46  Supply Depot  
  157  8:47  Ghost Academy  
  157  8:50  Marine  
  157  8:51  Marauder x2  
  157  8:55  Medivac x2  
  164  9:09  Marine  
  162  9:10  Marine x2  
  162  9:13  SCV x3  
  159  9:18  Barracks Tech Lab  
Tags
 
Add a new tag
Caveats
  • Supply blocks, unpowered buildings, or Contaminate may cause inaccurate times.
  • Supply counts are checked every 10 seconds.